 Dungeon Crawl Stone Soup version 0.22.0-36-g8e74550d25 (webtiles) character file.

216 kevinv12000 the Gusty (level 5, -4/28 HPs)
             Began as a Tengu Air Elementalist on Aug 25, 2018.
             Slain by Sigmund
             ... wielding a +0 scythe
              (12 damage)
             ... on level 3 of the Dungeon.
             The game lasted 00:21:48 (3455 turns).

kevinv12000 the Gusty (Tengu Air Elementalist)      Turns: 3455, Time: 00:21:48

Health: -4/28      AC:  4    Str:  9    XL:     5   Next: 93%
Magic:  10/10      EV: 13    Int: 15    God:
Gold:   101        SH:  0    Dex: 15    Spells: 4/10 levels left

rFire    . . .     SeeInvis .   a - +2 flail (protect)
rCold    . . .     Gourm    .   (no shield)
rNeg     . . .     Faith    .   c - +1 robe
rPois    .         Spirit   .   (helmet restricted)
rElec    .         Reflect  .   e - scarf {repulsion}
rCorr    .         Harm     .   d - +0 pair of gloves
MR       .....                  (boots unavailable)
Stlth    +.........             (no amulet)
HPRegen  0.09/turn              (no ring)
MPRegen  0.12/turn              (no ring)

@: confused, repel missiles
A: beak, talons 3, able to fly 1
a: Fly


You were on level 3 of the Dungeon.
You were not hungry.

You visited 1 branch of the dungeon, and saw 3 of its levels.

You collected 101 gold pieces.

Inventory:

Hand Weapons
 a - a +2 flail of protection (weapon)
 b - a +0 whip of electrocution
Armour
 c - a +1 robe (worn)
 d - a +0 pair of gloves (worn)
 e - a scarf of repulsion (worn)
Jewellery
 j - an uncursed ring of see invisible {unknown}
 k - an uncursed ring of wizardry {unknown}
Potions
 g - 4 potions of curing
 i - a potion of heal wounds {unknown}
 l - 2 potions of might {unknown}
 o - a potion of resistance {unknown}
Comestibles
 h - 4 rations


   Skills:
 - Level 2.1 Dodging
 - Level 2.0 Stealth
 + Level 3.2 Spellcasting
 + Level 3.8 Conjurations
 + Level 1.9 Charms
 + Level 5.5 Air Magic


You had 4 spell levels left.
You knew the following spells:

 Your Spells              Type           Power        Failure   Level  Hunger
a - Shock                 Conj/Air       ###.         2%          1    #......
b - Swiftness             Chrm/Air       ##......     6%          2    ##.....
c - Static Discharge      Conj/Air       ###.....     9%          3    ###....

Your spell library contained the following spells:

 Spells                   Type           Power        Failure   Level  Hunger
 Airstrike                Air            ###.......   21%         4    #####..
 Lightning Bolt           Conj/Air       ###.......   61%         5    ######.


Dungeon Overview and Level Annotations

Branches:
Dungeon (3/15)

Altars:
Xom

Annotations:
D:3 Sigmund


Innate Abilities, Weirdness & Mutations

You have a beak for a mouth.
You have claws for feet.
You can fly.


Message History

The puff of flame hits you!
You bump into the rock wall.
You bump into the rock wall.
Sigmund points at you and mumbles some strange words.
You are more confused.
You're too confused to move!
Sigmund casts a spell at you. The puff of flame hits you!
Sigmund casts a spell at you. The magic dart hits you!
* * * LOW HITPOINT WARNING * * *
You bump into the rock wall.
Sigmund gestures at you while chanting. You resist with some effort.
You bump into the rock wall.
Sigmund drinks a potion.
Sigmund seems to speed up.
You bump into the rock wall.
You're too confused to move!
Sigmund hits you from afar with a scythe!
You die...

#### #.......#. ..# #.......#.
#.# ########## #.........
####<###........######.........
#........######)))).(######....
#.##.##### #######.## #####
.##.##.# #........# # .......#
#.#####..# ## ###.#### #@# #..#
#. #.### #.# #..# #. #.#.##
######@# ###..## #. #....##
#......# #.....#######.
##.....# #......#
#......)#..... #......#
#@.....# #.............
#......# #.....##
#.......#..... #..#.#.# #.....
#.......####.. #....#.# ######
#.##.#..# #..


You could see Sigmund.

Vanquished Creatures
  An orc priest (D:2)
  Terence (D:3)
  A worker ant (D:2)
  5 adders
  2 worms
  2 dart slugs
  3 leopard geckos
  10 orcs
  A ball python (D:1)
  2 giant cockroaches
  6 hobgoblins
  4 jackals (D:2)
  9 kobolds
  A quokka (D:3)
  5 bats
  3 frilled lizards
  9 goblins
  10 rats
75 creatures vanquished.

Notes
Turn   | Place    | Note
-------+----------+-------------------------------------------
     0 | D:1      | kevinv12000 the Tengu Air Elementalist began the quest for the Orb.
     0 | D:1      | Reached XP level 1. HP: 10/10 MP: 4/4
   107 | D:1      | Reached XP level 2. HP: 15/15 MP: 0/6
   167 | D:1      | Learned a level 2 spell: Swiftness
   690 | D:1      | Reached XP level 3. HP: 19/19 MP: 5/7
   714 | D:1      | Learned a level 3 spell: Static Discharge
  1457 | D:2      | Reached skill level 1 in Charms
  1457 | D:2      | Reached XP level 4. HP: 22/24 MP: 2/9
  1673 | D:2      | Reached skill level 5 in Air Magic
  1746 | D:2      | Found a shimmering altar of Xom.
  1885 | D:2      | Gained mutation: You can fly. [Tengu growth]
  1885 | D:2      | Reached XP level 5. HP: 28/28 MP: 6/10
  2928 | D:3      | Noticed Terence
  2966 | D:3      | Killed Terence
  3440 | D:3      | Noticed Sigmund
  3455 | D:3      | Slain by Sigmund

Skill      XL: |  1  2  3  4  5 |
---------------+----------------+-----
Conjurations   | 2 3 |  3.8
Charms         | 1 |  1.9
Air Magic      | 5 |  5.5
Spellcasting   | 3 |  3.2
Dodging        | |  2.1
Stealth        | |  2.0

Action                   |  1- 3 |  4- 6 || total
-------------------------+-------+-------++-------
Melee: Whip              |     1 |     1 ||     2
       Flail             |       |    10 ||    10
       Kick              |       |     3 ||     3
       Peck              |       |     1 ||     1
 Cast: Shock             |    70 |   100 ||   170
       Static Discharge  |       |     2 ||     2
       Swiftness         |       |     1 ||     1
  Use: Scroll            |     4 |     3 ||     7
  Eat: Ration            |     1 |     2 ||     3
       Chunk             |       |     2 ||     2
Armor: Robe              |       |    13 ||    13
Dodge: Dodged            |     6 |    27 ||    33
